 Dungeon Crawl Stone Soup version 0.29.1-12-g30fa7ad0bf (webtiles) character file.

Game seed: 17984201736425578380

39 wormed the Trooper (level 3, -4/31 HPs)
             Began as a Ghoul Monk on Dec 24, 2022.
             Slain by Terence
             ... wielding a +2 mace of protection
              (8 damage)
             ... on level 2 of the Dungeon.
             The game lasted 00:03:04 (1256 turns).

wormed the Trooper (Ghoul Monk)                     Turns: 1256, Time: 00:03:07

Health: -4/31      AC:  7    Str: 16    XL:     3   Next: 45%
Magic:  2/2        EV: 10    Int:  5    God:
Gold:   52         SH:  5    Dex: 11    Spells: 2/2 levels left

rFire   . . .      SeeInvis .   e - +0 whip
rCold   + . .      Faith    .   (no shield)
rNeg    + + +      Spirit   .   f - +0 scale mail
rPois   ∞          Reflect  +   (no helmet)
rElec   .          Harm     .   (no cloak)
rCorr   .          Rampage  .   (no gloves)
Will    .....                   i - +0 pair of boots
Stlth   ..........              d - amulet of reflection
HPRegen 0.00/turn               (no ring)
MPRegen 0.08/turn               (no ring)

@: inhibited regen
A: claws 1, cold resistance 1, negative energy resistance 3, inhibited
regeneration, torment resistance 2, devour on kill
a: no special abilities


You were on level 2 of the Dungeon.
You visited 1 branch of the dungeon, and saw 2 of its levels.

You collected 52 gold pieces.

Inventory:

Hand Weapons
 e - a +0 whip (weapon)
Missiles
 b - 5 javelins (quivered)
Armour
 f - a +0 scale mail (worn)
 i - a +0 pair of boots (worn)
Jewellery
 d - an amulet of reflection (around neck)
Wands
 h - a wand of roots (9)
Scrolls
 g - a scroll of teleportation {unknown}
 j - a scroll of immolation {unknown}
Potions
 a - a potion of magic {unknown}
 c - a potion of ambrosia


   Skills:
 + Level 3.6 Fighting
 * Level 3.3 Maces & Flails
 + Level 1.0 Armour
 + Level 3.0 Dodging
 - Level 2.1 Stealth


You had 2 spell levels left.
You didn't know any spells.
Your spell library contained the following spells:

 Spells                   Type           Power      Damage    Failure   Level
 Frozen Ramparts          Ice            0%         1d1       99%         3
 Summon Ice Beast         Ice/Summ       0%         N/A       100%        4
 Ice Form                 Ice/Tmut       Unusable   N/A       N/A         4

Dungeon Overview and Level Annotations

Branches:
Dungeon (1/15)

Altars:

Annotations:
D:2 Terence


Innate Abilities, Weirdness & Mutations

You are immune to poison.
You have sharp fingernails.
Your flesh is cold resistant. (rC+)
You are immune to negative energy. (rN+++)
You do not regenerate when monsters are visible.
You are immune to unholy pain and torment.
You thrive by killing the living.


Message History

You are too injured to fight recklessly!
You are too injured to fight recklessly!
You are too injured to fight recklessly!
You are too injured to fight recklessly!
You are too injured to fight recklessly!
You are too injured to fight recklessly!
You are too injured to fight recklessly!
You are too injured to fight recklessly!
You are too injured to fight recklessly!
You are too injured to fight recklessly!
Things that are here:
a +0 dagger; a kobold corpse Terence attacks as you move away!
Terence closely misses you. Terence attacks as you move away!
You block Terence's attack. Terence attacks as you move away!
Terence hits you with a +2 mace of protection.
* * * LOW HITPOINT WARNING * * *
Terence attacks as you move away!
Terence hits you with a +2 mace of protection.
* * * LOW HITPOINT WARNING * * *
Aiming: Fastroot
Press: ? - help, Shift-Dir - straight line The roots erupt in riotous growth!
Roots grab Terence.
The grasping roots constrict Terence.
You hear a shout!
You block Terence's attack.
The grasping roots constrict Terence, but do no damage.
The roots release their grip on Terence.
Terence attacks as you move away!
Terence hits you with a +2 mace of protection.
* * * LOW HITPOINT WARNING * * *
Terence screams, "I want your blood!"
Aiming: Fastroot
Press: ? - help, Shift-Dir - straight line The roots erupt in riotous growth!
Roots grab Terence.
The grasping roots constrict Terence.
Terence hits you with a +2 mace of protection!
You die...

#.#...#####.# #.##### ###
#.....# #####.## #
#.....########### #
#.......†........ # ##+##
#......########## # ##8.8##
#..@...# ###
##.....###..@...#
..###8.....8##......#
..##.........##.....#######
.†#8.........8#............
†.).....).....'....########
..#8.........8#....#
..##.........####.##
..###8.....8#####.# ..#
##.....##.....#


You could see Terence (rooted).

Vanquished Creatures
  6 ball pythons (D:1)
  3 endoplasms (D:1)
  2 giant cockroaches (D:1)
  7 hobgoblins
  2 quokkas (D:1)
  6 bats
  2 frilled lizards (D:1)
  A goblin (D:1)
  3 kobolds (D:2)
  3 rats
35 creatures vanquished.

Notes
Turn   | Place    | Note
-------+----------+-------------------------------------------
     0 | D:1      | wormed the Ghoul Monk began the quest for the Orb.
     0 | D:1      | Reached XP level 1. HP: 19/19 MP: 0/0
   315 | D:1      | Reached XP level 2. HP: 23/26 MP: 1/1
   768 | D:1      | Reached XP level 3. HP: 31/31 MP: 2/2
  1004 | D:1      | You fall into a shaft and drop 1 floor!
  1143 | D:2      | Reached skill level 1 in Armour
  1207 | D:2      | Noticed Terence
  1256 | D:2      | Slain by Terence

Illustrated notes

Levels and vault maps discovered:
D:1:      dpeg_arrival_round_c, layout_rooms
D:2:      layout_basic, basic_ecumenical_altar, minmay_misc_feat_hallway,
          dk_noncrumbling_4, minmay_rat_gold_closets, uniq_terence

Skill      XL: |  1  2  3 |
---------------+----------+-----
Maces & Flails | 3 |  3.3
Dodging        | 3 |  3.0
Armour         | 1 |  1.0
Fighting       | |  3.6
Stealth        | |  2.1

Action                   || total
-------------------------++-------
Melee: Mace              ||    47
       Whip              ||   103
Evoke: Wand              ||     2
Armor: Robe              ||    25
       Scale mail        ||    21
Dodge: Dodged            ||    97
Block: Other             ||    46
